 Dungeon Crawl Stone Soup version 0.30.1-1-g62c8e00024 (webtiles) character file.

Game seed: 10538298121903779557

73 LynnLen the Sneak (level 4, -1/21 HPs)
             Began as a Spriggan Enchanter on July 14, 2023.
             Killed by nerve-wracking pain
             ... invoked by Grinder
              (14 damage)
             ... on level 3 of the Dungeon.
             The game lasted 00:05:12 (1751 turns).

LynnLen the Sneak (Spriggan Enchanter)              Turns: 1751, Time: 00:05:13

Health: -1/21      AC:  2    Str:  4    XL:     4   Next: 8%
Magic:  7/10       EV: 17    Int: 16    God:
Gold:   180        SH:  0    Dex: 17    Spells: 1/9 levels left

rFire   . . .        a - +1 dagger
rCold   . . .        (no shield)
rNeg    . . .        b - +0 robe
rPois   .            (helmet restricted)
rElec   .            (no cloak)
rCorr   .            (gloves unavailable)
SInv    +            (boots unavailable)
Will    .....        (no amulet)
Stlth   +++          (no ring)
HPRegen 0.23/turn    (no ring)
MPRegen 0.12/turn

%: no passive effects
@: confusing by touch, invisible, very quick
A: very small, no large weapons, unfitting armour, see invisible, speed 3
a: no special abilities


You were on level 3 of the Dungeon.
You visited 1 branch of the dungeon, and saw 3 of its levels.

You collected 180 gold pieces.

Inventory:

Hand Weapons
 a - a +1 dagger (weapon)
Armour
 b - a +0 robe (worn)
Wands
 j - a wand of roots (10)
Scrolls
 d - a scroll of enchant weapon {unknown}
 e - a scroll of fear
 f - a scroll of fog {unknown}
 h - a scroll of magic mapping {unknown}
Potions
 c - a potion of invisibility
 g - a potion of haste
 i - a potion of ambrosia {unknown}
 k - a potion of brilliance {unknown}


   Skills:
 + Level 2.0 Short Blades
 - Level 2.6 Dodging
 * Level 5.8 Stealth
 + Level 3.3 Spellcasting
 + Level 4.1 Hexes
 + Level 0.7 Ice Magic


You had one spell level left.
You knew the following spells:

 Your Spells              Type           Power      Damage    Failure   Level
a - Ensorcelled Hibernat  Hex/Ice        20%        N/A       10%         2
b - Confusing Touch       Hex            15%        N/A       10%         3
c - Tukima's Dance        Hex            15%        N/A       10%         3

Your spell library contained the following spells:

 Spells                   Type           Power      Damage    Failure   Level
 Dazzling Flash           Conj/Hex       18%        N/A       24%         3


Dungeon Overview and Level Annotations

Branches:
Dungeon (3/15)

Altars:

Annotations:
D:3 1 runed translucent door, Crazy Yiuf, Grinder


Innate Abilities, Weirdness & Mutations

You are very small and have problems with some larger weapons.
You are too small for most types of armour.
You have supernaturally acute eyesight. (SInv)
You cover ground extremely quickly. (Speed+++)


Message History

The jackal closely misses you.
You barely miss the jackal.
The jackal is moderately wounded.
The jackal misses you.
You barely miss the jackal.
The jackal is moderately wounded.
The jackal barely misses you.
You hit the jackal.
The jackal is heavily wounded.
The jackal completely misses you. The jackal misses you.
You barely miss the jackal.
The jackal is heavily wounded.
The jackal bites you but does no damage.
You hit the jackal.
The jackal is severely wounded.
The jackal bites you.
You hit the jackal.
You kill the jackal!
Grinder comes into view.
Grinder moves out of view.
You see here a jackal corpse.
You open the door.
Found a fuming silvery potion and 21 gold pieces.
There is an open door here.
k - a fuming silvery potion You now have 164 gold pieces (gained 5).
You now have 180 gold pieces (gained 16).
You open the door.
There is an open door here.
Grinder shouts!
You hit Grinder but do no damage. Grinder hits you.
You writhe in agony.
You fade into invisibility!
Casting: Ensorcelled Hibernation (safe; 10% risk of failure)
Confirm with . or Enter, or press ? or * to list all spells.
The spell is extremely dangerous to miscast (10% risk of failure)!
Continue anyway?
Your hands begin to glow red.
Grinder gestures at you. Pain shoots through your body!
Ouch! That really hurt!
You die...

##...## #.# ##...##
#.....# #.# ##+##
......# #.# #.#
#.....# #.# #.#
##...## #.# ##.##
##.## #.#####
##...## #.#
#.....####.....####
###.#
##.5......#......†.
....#
#@##5###.#..######
##### #.##.# #..#
#.##........#
#.######.##.# #..
... #.# ### ### #.#
#.# #..


You could see Grinder (unable to see you).

Vanquished Creatures
  Terence (D:3)
  2 adders (D:2)
  A worm (D:2)
  3 ball pythons (D:2)
  An endoplasm (D:2)
  3 giant cockroaches
  3 goblins
  2 hobgoblins
  2 jackals (D:3)
  2 quokkas
  2 frilled lizards (D:1)
  A kobold (D:2)
  3 rats
  A spectral hobgoblin (D:2)
27 creatures vanquished.

Notes
Turn   | Place    | Note
-------+----------+-------------------------------------------
     0 | D:1      | LynnLen the Spriggan Enchanter began the quest for the Orb.
     0 | D:1      | Reached XP level 1. HP: 9/9 MP: 5/5
   142 | D:1      | Reached XP level 2. HP: 6/13 MP: 6/6
   188 | D:2      | Learned a level 2 spell: Ensorcelled Hibernation
   448 | D:2      | Reached skill level 5 in Stealth
   686 | D:2      | Reached XP level 3. HP: 16/16 MP: 8/8
   696 | D:2      | Learned a level 3 spell: Confusing Touch
   700 | D:2      | Learned a level 3 spell: Tukima's Dance
   834 | D:2      | Found a faded altar of an unknown god.
  1450 | D:3      | Found a runed translucent door.
  1451 | D:3      | Noticed Crazy Yiuf
  1627 | D:3      | Noticed Terence
  1632 | D:3      | Killed Terence
  1633 | D:3      | Reached XP level 4. HP: 21/21 MP: 10/10
  1673 | D:3      | Noticed Grinder
  1751 | D:3      | Killed from afar by Grinder

Illustrated notes

Levels and vault maps discovered:
D:1:      dpeg_arrival_prison, layout_rooms, st_stairs_11
D:2:      layout_basic, dreamdust_ecumenical_altar_drowned_temple,
          chequers_serial_rivers_micro_b, eino_tiny_chamber,
          kennysheep_generic_room_4
D:3:      layout_loops_corners, nicolae_goblin_pals, uniq_natasha, uniq_grinder,
          uniq_terence, uniq_crazy_yiuf_cottage, uniq_ijyb

Skill      XL: |  1  2  3 |
---------------+----------+-----
Spellcasting   | 3 |  3.3
Stealth        | 5 |  5.8
Hexes          | 4 |  4.1
Short Blades   | 2 |  2.0
Dodging        | |  2.6
Ice Magic      | |  0.7

Action                     |  1- 3 |  4- 6 || total
---------------------------+-------+-------++-------
  Melee: Dagger            |    62 |    12 ||    74
         Punch             |     1 |       ||     1
   Cast: Ensorcelled Hiber |    12 |       ||    12
         Confusing Touch   |       |     1 ||     1
    Use: Scroll            |     2 |       ||     2
         Potion            |       |     1 ||     1
   Stab: Sleeping          |    12 |       ||    12
 Armour: Robe              |     4 |     2 ||     6
  Dodge: Dodged            |    39 |     9 ||    48
